 Dungeon Crawl Stone Soup version 0.26.1-11-gd32895ea62 (webtiles) character file.

Game seed: 12894348691249526819

178 Elleran the Chiller (level 5, -2/34 HPs)
             Began as an Octopode Ice Elementalist on May 3, 2021.
             Blown up by Ijyb (24 damage)
             ... with a disintegration bolt
             ... on level 3 of the Dungeon.
             The game lasted 00:17:02 (4833 turns).

Elleran the Chiller (Octopode Ice Elementalist)     Turns: 4833, Time: 00:17:03

Health: -2/34      AC:  1    Str:  7    XL:     5   Next: 58%
Magic:  6/9        EV: 18    Int: 18    God:
Gold:   128        SH:  0    Dex: 13    Spells: 5/10 levels left

rFire    . . .     SeeInvis .   a - +0 dagger
rCold    . . .     Faith    .   (no shield)
rNeg     . . .     Spirit   .   (helmet restricted)
rPois    .         Reflect  .   (no amulet)
rElec    .         Harm     .   k - +4 ring of evasion
rCorr    .         Rampage  .   (no ring)
Will     .....                  (no ring)
Stlth    +++.......             (no ring)
HPRegen  0.11/turn              (no ring)
MPRegen  0.11/turn              (no ring)
                                (no ring)
                                (no ring)

@: frozen ramparts
A: almost no armour, stealthy swim, amphibious, 8 rings, constrict 8, camouflage
1, gelatinous body 1
a: no special abilities


You were on level 3 of the Dungeon.
You visited 1 branch of the dungeon, and saw 3 of its levels.

You collected 128 gold pieces.

Inventory:

Hand Weapons
 a - a +0 dagger (weapon)
 b - a +0 hunting sling
 i - a +0 club
 p - a +0 short sword
 t - a +2 quarterstaff of chaos
 u - a +0 mace of protection
 x - a +0 falchion of electrocution
Missiles
 c - 128 stones
 d - 54 arrows
 g - 3 poisoned darts (quivered)
 l - 22 bolts
 s - 34 sling bullets
Magical Staves
 y - an uncursed staff of earth {unknown}
Jewellery
 k - a +4 ring of evasion (left tentacle)
 r - an uncursed ring of resist corrosion
Scrolls
 h - a scroll of remove curse
 j - a scroll of blinking
 m - 2 scrolls of amnesia {unknown}
 n - a scroll of identify {unknown}
 o - 5 scrolls of teleportation {unknown}
 v - a scroll of immolation {unknown}
 w - 2 scrolls of enchant armour {unknown}
Potions
 e - 2 potions of flight
 f - a potion of degeneration {unknown}
 q - 3 potions of curing


   Skills:
 + Level 1.7 Fighting
 + Level 2.5 Dodging
 + Level 3.7 Stealth
 * Level 3.1 Spellcasting
 - Level 1.0 Necromancy
 * Level 4.8 Ice Magic


You had 5 spell levels left.
You knew the following spells:

 Your Spells              Type           Power        Failure   Level
t - Frozen Ramparts       Ice            40%          6%          3
u - Animate Skeleton      Necr           12%          11%         1
z - Freeze                Ice            80%          2%          1

Your spell library contained the following spells:

 Spells                   Type           Power        Failure   Level
 Ozocubu's Armour         Ice            20%          6%          3
 Apportation              Tloc           4%           16%         1
 Corona                   Hex            2%           16%         1
 Summon Small Mammal      Summ           8%           16%         1
 Hailstorm                Conj/Ice       11%          52%         4
 Summon Ice Beast         Ice/Summ       11%          52%         4


Dungeon Overview and Level Annotations

Branches:
Dungeon (3/15)

Altars:
Trog
Wu Jian

Annotations:
D:2 Jessica
D:3 Ijyb


Innate Abilities, Weirdness & Mutations

You cannot wear most types of armour.
You are very stealthy in the water. (Stealth+)
You are amphibious.
You can wear up to eight rings at the same time.
You can use your tentacles to constrict eight enemies at once.
Your skin changes colour to match your surroundings (Stealth+).
Your rubbery body absorbs attacks. (AC +1, EV +1)


Message History

Confirm with . or Enter, or press ? or * to list all spells.
You can't see any susceptible monsters within range! (Use Z to cast anyway.)
Casting: Freeze (safe; 2% risk of failure)
Confirm with . or Enter, or press ? or * to list all spells.
Casting: Frozen Ramparts (dangerous; 6% risk of failure)
Press: ? - help, Dir - look around, f - activate The walls around you are covered in ice.
Throw: 5 darts (poison)
Press: ? - help, Q - select action, (/) - cycle Shift-Dir - straight line, f - Ijyb
Aim: Ijyb, wielding a +0 dagger, wearing a +0 leather armour and carrying a wand of disintegration (11) (heavily wounded, poisoned, 47% to hit)
You throw a poisoned dart. The poisoned dart hits Ijyb.
Ijyb looks even sicker.
Ijyb is heavily wounded.
The wall freezes Ijyb.
Throw: 4 darts (poison)
Press: ? - help, Q - select action, (/) - cycle Shift-Dir - straight line, f/p - Ijyb
Aim: Ijyb, wielding a +0 dagger, wearing a +0 leather armour and carrying a wand of disintegration (11) (severely wounded, very poisoned, 47% to hit)
You throw a poisoned dart. The poisoned dart closely misses Ijyb.
The wall freezes Ijyb.
Ijyb zaps a wand.
You are blasted!
Ouch! That really hurt!
You die...

....... ..)........ #
.........# # .#
....<...##..#..#
..........?....#
........##.....# #.#
###.....##.....# #.#
#.......@....... #.#
#.##.##.##.###### #.#
#.##.##g##......# #.#
##......(........# #.#
#...#.....g.....)#
#.#####..#.............#
##......................#
..........†.(.+.........+
...[####.######.......(.#


You could see Ijyb (very poisoned).

Vanquished Creatures
  An orc wizard (D:3)
  Crazy Yiuf (D:2)
  Terence (D:3)
  Robin (D:2)
  An adder (D:3)
  3 worms
  3 dart slugs
  A leopard gecko (D:1)
  3 orcs (D:3)
  A giant cockroach (D:3)
  12 goblins
  5 hobgoblins
  11 kobolds
  A quokka (D:2)
  2 bats
  3 frilled lizards
  10 rats
60 creatures vanquished.

Vanquished Creatures (collateral kills)
  A quokka (D:2)
1 creature vanquished.

Grand Total: 61 creatures vanquished

Notes
Turn   | Place    | Note
-------+----------+-------------------------------------------
     0 | D:1      | Elleran the Octopode Ice Elementalist began the quest for
                  | the Orb.
     0 | D:1      | Reached XP level 1. HP: 11/11 MP: 3/3
   212 | D:1      | Reached XP level 2. HP: 18/18 MP: 0/5
  1492 | D:2      | Noticed Jessica
  1499 | D:2      | Learned a level 1 spell: Animate Skeleton
  1528 | D:2      | Reached XP level 3. HP: 17/22 MP: 1/6
  1535 | D:2      | Learned a level 3 spell: Frozen Ramparts
  2119 | D:2      | Found a bloodstained altar of Trog.
  2192 | D:2      | Noticed Robin
  2206 | D:2      | Reached skill level 1 in Fighting
  2675 | D:3      | Noticed Terence
  2685 | D:3      | Killed Terence
  2686 | D:3      | Reached XP level 4. HP: 28/28 MP: 2/7
  2811 | D:2      | Found a runed translucent door.
  2812 | D:2      | Noticed Crazy Yiuf
  2821 | D:2      | Killed Crazy Yiuf
  3104 | D:2      | Found an ornate altar of the Wu Jian Council.
  3298 | D:2      | Found a bloodstained altar of Trog.
  3353 | D:2      | Killed Robin
  3355 | D:2      | Reached skill level 1 in Necromancy
  3994 | D:3      | Reached XP level 5. HP: 33/33 MP: 9/9
  4817 | D:3      | Noticed Ijyb
  4833 | D:3      | Blown up by Ijyb

Illustrated notes

Levels and vault maps discovered:
D:1:      lightli_arrival_quake, layout_basic
D:2:      layout_basic, nicolae_overflow_crystal_walls,
          nicolae_overflow_hidden_temple, uniq_crazy_yiuf_cottage, uniq_robin,
          uniq_jessica
D:3:      layout_basic, hangedman_abyss_or_decor_lesser_grid, uniq_terence,
          uniq_ijyb

Skill      XL: |  1  2  3  4  5 |
---------------+----------------+-----
Stealth        | 3 |  3.7
Fighting       | 1 |  1.7
Necromancy     | 1 |  1.0
Spellcasting   | 3 |  3.1
Dodging        | |  2.5
Ice Magic      | |  4.8

Action                   |  1- 3 |  4- 6 || total
-------------------------+-------+-------++-------
Melee: Short sword       |     6 |       ||     6
       Club              |     2 |       ||     2
       Constrict         |     1 |     6 ||     7
       Dagger            |     2 |    23 ||    25
       Tentacles         |       |     2 ||     2
 Fire: Hunting sling     |    25 |       ||    25
Throw: Stone             |     6 |     1 ||     7
       Dart              |       |    21 ||    21
 Cast: Freeze            |    37 |    21 ||    58
       Animate Skeleton  |     2 |       ||     2
       Frozen Ramparts   |     4 |     8 ||    12
  Use: Scroll            |       |     3 ||     3
       Potion            |       |     3 ||     3
 Stab: Sleeping          |     4 |     2 ||     6
Armor: Skin              |     3 |       ||     3
Dodge: Dodged            |    37 |    31 ||    68
